 Dungeon Crawl Stone Soup version 0.32-a0-656-g3542139ebd (webtiles) character file.

Game seed: 3152427113211672867

692 Aldia the Covert (level 7, -1/36 HPs)
             Began as a Vampire Enchanter on Mar 9, 2024.
             Was an Initiate of Gozag.
             Slain by a gnoll
             ... wielding a +0 spear
             ... led by a gnoll bouda
              (2 damage)
             ... on level 5 of the Dungeon.
             The game lasted 00:09:05 (3318 turns).

Aldia the Covert (Vampire Enchanter)                Turns: 3318, Time: 00:09:06

Health: -1/36      AC:  4    Str: 13    XL:     7   Next: 36%
Magic:  2/11       EV: 12    Int: 19    God:    Gozag
Gold:   226        SH:  8    Dex: 15    Spells: 3/11 levels left

rFire   . . .        a - +1 dagger
rCold   + + .        y - -1 buckler
rNeg    + + +        b - +0 robe
rPois   ∞            (no helmet)
rElec   .            (no cloak)
rCorr   .            (no gloves)
SInv    +            g - +1 pair of boots
Will    .....        z - amulet of reflection
Stlth   ++++++       n - +6 ring of strength
HPRegen 0.00/turn    (no ring)
MPRegen 0.12/turn

%: reflection
@: gold aura, very slightly contaminated, bloodless, inhibited regen
A: bloodless, fangs 3, see invisible, vampiric 2
a: Bat Form, Revivify, Renounce Religion, Potion Petition, Call Merchant, Bribe
Branch


You were on level 5 of the Dungeon.
You worshipped Gozag.
Gozag was aware of your devotion.
You visited 1 branch of the dungeon, and saw 5 of its levels.

You collected 281 gold pieces.
You paid 55 gold pieces to Gozag.

Inventory:

Hand Weapons
 a - a +1 dagger (weapon)
 v - a +1 short sword of holy wrath
Missiles
 l - 3 throwing nets (quivered)
Armour
 b - a +0 robe (worn)
 g - a +1 pair of boots (worn)
 y - a -1 buckler (worn)
Jewellery
 n - a +6 ring of strength (left hand)
 z - an amulet of reflection (around neck)
Wands
 p - a wand of warping (7)
 q - a wand of polymorph (13)
 u - a wand of digging (3)
Scrolls
 e - 2 scrolls of teleportation
 h - a scroll of enchant weapon {unknown}
 j - a scroll of fog
 k - a scroll of amnesia {unknown}
 s - a scroll of poison {unknown}
 w - a scroll of blinking {unknown}
Potions
 c - 3 potions of invisibility
 d - 3 potions of mutation {unknown}
 f - 2 potions of heal wounds {unknown}
 m - a potion of resistance {unknown}
 o - a potion of might {unknown}
 r - a potion of lignification {unknown}
 t - a potion of curing {unknown}
 x - a potion of brilliance {unknown}


   Skills:
 - Level 5.4 Short Blades
 - Level 2.1 Dodging
 - Level 9.0 Stealth
 + Level 1.0 Shields
 * Level 2.7 Spellcasting
 * Level 5.9 Hexes
 - Level 1.0 Ice Magic


You had 3 spell levels left.
You knew the following spells:

 Your Spells              Type           Power      Damage    Failure   Level
a - Ensorcelled Hibernat  Hex/Ice        30%        N/A       9%          2
b - Confusing Touch       Hex            25%        N/A       6%          3
c - Tukima's Dance        Hex            25%        N/A       6%          3

Your spell library contained the following spells:

 Spells                   Type           Power      Damage    Failure   Level
 Dazzling Flash           Conj/Hex       26%        N/A       21%         3
 Cigotuvi's Dreadful Rot  Necr/Alch/Air  4%         N/A       32%         2
 Ignite Poison            Fire/Alch      2%         N/A       91%         4
 Freezing Cloud           Conj/Ice/Air   1%         6-21      99%         5


Dungeon Overview and Level Annotations

Branches:
Dungeon (5/15)
 Temple: D:4-7

Altars:
Gozag
Okawaru
Wu Jian

Shops:
D:4 [   D:5 [


Innate Abilities, Weirdness & Mutations

You do not regenerate when monsters are visible.
You are frail without blood (-20% HP).
You can heal yourself when you bite living creatures.
You are immune to poison.
You have razor-sharp teeth.
You have supernaturally acute eyesight. (SInv)
You are afflicted with vampirism and can become a bat while bloodless.


Message History

You kill Blork the orc!
The gnoll is distracted by your dazzling golden aura.
Your Shields skill increases to level 1!
Casting: Ensorcelled Hibernation (safe; 9% risk of failure)
Confirm with . or Enter, or press ? or * to list all spells.
Aiming: Ensorcelled Hibernation (safe; 9% risk of failure)
Press: ? - help, Shift-Dir - straight line, f - gnoll bouda
Aim: a gnoll bouda, wielding a +0 club and wearing a +0 robe (chance to affect: 49%)
You miscast Ensorcelled Hibernation.
You are very lightly contaminated with residual magic.
Nothing appears to happen.
The gnoll shouts!
The gnoll misses you.
The gnoll hits you from afar with a +0 spear.
The gnoll bouda is distracted by your dazzling golden aura.
The gnoll bouda shouts!
Unknown command.
Casting: Ensorcelled Hibernation (safe; 9% risk of failure)
Confirm with . or Enter, or press ? or * to list all spells.
Aiming: Ensorcelled Hibernation (safe; 9% risk of failure)
Press: ? - help, Shift-Dir - straight line, f/p - gnoll bouda
Aim: a gnoll bouda, wielding a +0 club and wearing a +0 robe (chance to affect: 49%)
The gnoll bouda is no longer distracted by gold.
The gnoll bouda looks drowsy...
The gnoll hits you from afar with a +0 spear.
* * * LOW HITPOINT WARNING * * *
The gnoll hits you from afar with a +0 spear!
* * * LOW HITPOINT WARNING * * *
Unknown command.
The helpless gnoll bouda fails to defend itself.
You bite the gnoll bouda, and draw its blood!
You feel better.
You perforate the gnoll bouda like a sieve!!!
You kill the gnoll bouda!
The gnoll is no longer distracted by gold.
The gnoll hits you from afar with a +0 spear.
* * * LOW HITPOINT WARNING * * *
The gnoll hits you from afar with a +0 spear.
You die...
Your body crumbles into a pile of gold.

.# #........# ##.#######
.# #........# #.# .#
#.###.##.# #.# .# #.#
#.##.# #+## .##### #.#
#.##.# #...## .....#
#.###.##.# ##.....##
####.#
#........###.......#
#.######...####g........
#............@$.........+
#.######..>####gg.......#
####.# ##.## ##.......#
.....# #)# ##.....##
#.#### #.# #...## #.# #.#
#+## #.# #.# #.# #.# #.#
#^.


You could see 3 gnolls.

Vanquished Creatures
  A centaur (D:5)
  Blork the orc (D:5)
  A scorpion (D:4)
  A bombardier beetle (D:4)
  3 hounds (D:4)
  A gnoll bouda (D:5)
  2 sleepcaps
  Ijyb (D:4)
  An iguana (D:4)
  An orc wizard (D:3)
  5 gnolls
  6 adders
  2 ufetubi (D:5)
  2 dart slugs
  A ribbon worm (D:3)
  9 orcs
  12 ball pythons
  8 endoplasms
  4 giant cockroaches
  6 goblins
  14 hobgoblins
  9 jackals
  9 kobolds
  3 quokkas
  5 bats
  8 frilled lizards
  6 rats
122 creatures vanquished.

Notes
Turn   | Place    | Note
-------+----------+-------------------------------------------
     0 | D:1      | Aldia the Vampire Enchanter began the quest for the Orb.
     0 | D:1      | Reached XP level 1. HP: 13/13 MP: 3/3
   100 | D:1      | Reached XP level 2. HP: 15/15 MP: 5/5
   105 | D:1      | Learned a level 2 spell: Ensorcelled Hibernation
   131 | D:1      | Reached skill level 5 in Stealth
   256 | D:1      | Gained mutation: You are afflicted with vampirism and can
                  | become a bat while bloodless. [Vampire growth]
   256 | D:1      | Reached XP level 3. HP: 19/19 MP: 3/6
   274 | D:1      | Learned a level 3 spell: Confusing Touch
   747 | D:2      | Reached skill level 1 in Ice Magic
  1017 | D:2      | Reached skill level 6 in Stealth
  1017 | D:2      | Reached XP level 4. HP: 24/24 MP: 7/7
  1119 | D:2      | Found an iron altar of Okawaru.
  1418 | D:3      | Found an ornate altar of the Wu Jian Council.
  1726 | D:3      | Reached skill level 5 in Hexes
  1726 | D:3      | Reached XP level 5. HP: 28/28 MP: 8/8
  1755 | D:3      | Learned a level 3 spell: Tukima's Dance
  1864 | D:3      | Reached skill level 7 in Stealth
  1882 | D:3      | Found a faded altar of an unknown god.
  1989 | D:4      | Noticed Ijyb
  1991 | D:4      | Killed Ijyb
  2077 | D:4      | Found Acinuemeid's Armour Boutique.
  2151 | D:4      | Reached XP level 6. HP: 32/32 MP: 6/9
  2317 | D:4      | Reached skill level 8 in Stealth
  2500 | D:4      | Reached skill level 5 in Short Blades
  2517 | D:4      | Found an opulent altar of Gozag.
  2578 | D:4      | Became a worshipper of Gozag Ym Sagoz the Greedy
  2876 | D:5      | Entered Level 5 of the Dungeon
  2949 | D:5      | Reached skill level 9 in Stealth
  3018 | D:5      | Found Reynia's Antique Armour Boutique.
  3222 | D:5      | Reached XP level 7. HP: 36/36 MP: 10/10
  3283 | D:5      | Noticed Blork the orc
  3315 | D:5      | Killed Blork the orc
  3316 | D:5      | Reached skill level 1 in Shields
  3317 | D:5      | HP: 1/36 [gnoll/+0 spear[a gnoll bouda] (8)]
  3318 | D:5      | Slain by a gnoll

Illustrated notes

Levels and vault maps discovered:
D:1:      lightli_arrival_boilingwater, layout_rooms
D:2:      layout_loops_cross, basic_altar, minmay_pentomino_w4
D:3:      layout_rooms, nicolae_wu_jian_wuxing_cycle,
          shapermc_ecumenical_altar_hornbeckon, grunt_ministairs_13,
          minivault_4, serial_bayou_pond_a
D:4:      layout_rooms, mainiacjoe_overflow_six_doors_small, serial_shops,
          nicolae_shop_scrapyard, serial_bayou_pond_b, minmay_puff, uniq_ijyb
D:5:      layout_loops_corners, nicolae_hepliaklqana_hazy_memory,
          elyvilon_altar_3, serial_shops, nicolae_shop_scrapyard,
          nicolae_shop_industrial_runoff, uniq_grinder, uniq_blork_the_orc

Skill      XL: |  1  2  3  4  5  6  7 |
---------------+----------------------+-----
Short Blades   | 2 3 4 5 |  5.4
Stealth        | 5 6 7 9 |  9.0
Ice Magic      | 1 |  1.0
Hexes          | 5 |  5.9
Shields        | 1 |  1.0
Dodging        | |  2.1
Spellcasting   | |  2.7

Action                     |  1- 3 |  4- 6 |  7- 9 || total
---------------------------+-------+-------+-------++-------
  Melee: Dagger            |   102 |   151 |     9 ||   262
         Bite              |    17 |    13 |       ||    30
   Cast: Ensorcelled Hiber |     9 |    21 |     3 ||    33
         Confusing Touch   |       |     1 |     1 ||     2
Ability: Exsanguinate      |     1 |       |       ||     1
    Use: Scroll            |       |     2 |       ||     2
   Stab: Sleeping          |    21 |    46 |     4 ||    71
         Confused          |       |     2 |     1 ||     3
 Armour: Robe              |    34 |    66 |    11 ||   111
  Dodge: Dodged            |    44 |    75 |     6 ||   125
  Block: Buckler           |       |       |     1 ||     1

Table legend: (Time is in decaauts)
 A = Elapsed time spent in this place.
 B = Non-inter-level travel time spent in this place.
 C = Inter-level travel time spent in this place.
 D = Time resting spent in this place.
 E = Time spent auto-exploring this place.
 F = Levels seen in this place.
 G = Mean time per level.
                   A        B        C        D        E       F      G
               +--------+--------+--------+--------+--------+-----+--------+
         Total |   3292 |   3176 |    116 |     79 |   2100 |   5 |  658.4 |
       Dungeon |   3292 |   3176 |    116 |     79 |   2100 |   5 |  658.4 |
               +--------+--------+--------+--------+--------+-----+--------+

Top non-repeatable levels by time:
     D:4: 853 daAuts
     D:3: 748 daAuts
     D:2: 692 daAuts
     D:1: 583 daAuts
     D:5: 415 daAuts
